Map: Newkirk Precinct TE (Void)

Players

Dark - Winner!

  • Race: Zerg Zerg
  • Spawn Location: 5:00

Classic

  • Race: Protoss Protoss
  • Spawn Location: 7:00

Event: IEM Season 11 - Gyeonggi

VOD

Have the link to the VOD?

Description

Time

  • Played on: Dec. 14, 2016, 3:44 a.m.
  • Length: 8:06

All games in this series

Show
View Real Time Build Order
Export as new Build Order

Dark Zerg - Winner!

Build Orders: Hatch First 

Get SALT Encoding   

  12  0:00  Drone  
  13  0:14  Overlord  
  13  0:17  Drone  
  14  0:33  Drone x2  
  16  0:38  Drone  
  17  0:55  Hatchery  
  17  0:56  Drone  
  17  1:00  Drone  
  18  1:10  Extractor  
  17  1:16  Spawning Pool  
  17  1:18  Drone  
  17  1:21  Drone  
  18  1:32  Drone  
  19  1:42  Drone  
  20  1:48  Hatchery  
  19  1:58  Drone  
  20  2:03  Zergling x2  
  20  2:08  Queen  
  23  2:10  Drone  
  24  2:17  Metabolic Boost  
  24  2:21  Drone  
  25  2:23  Drone  
  25  2:28  Overlord  
  26  2:33  Drone  
  27  2:40  Drone  
  28  2:48  Drone  
  28  2:49  Drone  
  32  2:57  Overlord  
  32  3:01  Drone  
  32  3:04  Queen  
  35  3:09  Queen  
  35  3:14  Drone x4  
  35  3:18  Drone x2  
  41  3:26  Drone, Overlord  
  41  3:27  Drone  
  43  3:36  Spore Crawler  
  43  3:38  Spore Crawler x2  
  43  3:41  Evolution Chamber  
  39  3:45  Drone x3  
  41  3:51  Zergling x2  
  41  3:52  Zergling x4  
  44  3:56  Queen  
  44  3:58  Queen  
  48  4:04  Drone  
  48  4:05  Drone, Overlord  
  49  4:14  Drone x2, Overlord  
  50  4:17  Overlord  
  50  4:20  Zerg Melee Weapons Level 1  
  50  4:24  Drone x3  
  50  4:25  Drone  
  50  4:28  Drone x2  
  50  4:30  Drone  
  57  4:32  Drone  
  57  4:33  Drone  
  57  4:36  Drone  
  57  4:37  Drone  
  61  4:41  Drone  
  61  4:42  Drone x2  
  64  4:46  Drone x2  
  64  4:51  Pneumatized Carapace  
  65  4:52  Baneling Nest  
  65  4:55  Queen, Extractor  
  65  5:01  Overlord  
  65  5:02  Drone  
  65  5:06  Zergling x10  
  65  5:07  Zergling x2  
  72  5:08  Zergling x2  
  72  5:10  Overlord x2  
  73  5:21  Zergling x2  
  73  5:22  Zergling x8  
  78  5:29  Zergling x8  
  78  5:30  Queen  
  78  5:34  Zergling x4  
  86  5:39  Zergling x4  
  86  5:40  Zergling x2  
  86  5:42  Zergling x6  
  92  5:46  Overlord  
  92  5:48  Overlord  
  91  5:51  Zergling x2  
  91  5:56  Zergling x4  
  91  5:57  Zergling x4  
  96  6:01  Zergling x4  
  98  6:05  Zergling x4  
  98  6:06  Queen, Zergling x6  
  98  6:11  Baneling x6  
  103  6:12  Baneling  
  103  6:13  Lair, Roach Warren  
  103  6:16  Zergling x2  
  103  6:17  Zergling x6  
  106  6:18  Baneling x2  
  106  6:21  Spine Crawler x2  
  106  6:24  Baneling x2  
  104  6:29  Zergling x6  
  104  6:30  Zergling x4  
  109  6:33  Extractor  
  109  6:38  Extractor  
  109  6:39  Zergling x10  
  112  6:44  Zergling x4  
  114  6:51  Baneling x6  
  114  6:54  Overlord  
  114  6:59  Overlord  
  113  7:03  Overlord  
  113  7:07  Roach x2, Overlord  
  113  7:09  Overlord  
  113  7:12  Queen  
  109  7:18  Zergling x10  
  109  7:22  Zergling x4  
  109  7:29  Zergling x4  
  107  7:33  Zergling x8  
  98  7:40  Zergling x2  
  98  7:41  Zergling x2  
  98  7:44  Zergling x2  
Show
View Real Time Build Order
Export as new Build Order

Classic Protoss 

Build Orders: Nexus First, Oracle Opening 

Get SALT Encoding   

  12  0:00  Probe (Chrono Boost)  
  13  0:11  Probe (Chrono Boost)  
  14  0:18  Pylon  
  14  0:22  Probe (Chrono Boost)  
  15  0:37  Probe (Chrono Boost)  
  16  0:47  Probe (Chrono Boost)  
  17  0:59  Nexus  
  17  1:09  Gateway  
  17  1:12  Probe (Chrono Boost)  
  17  1:17  Assimilator  
  18  1:22  Probe (Chrono Boost)  
  18  1:25  Assimilator  
  20  1:33  Probe (Chrono Boost)  
  20  1:36  Pylon  
  20  1:43  Probe (Chrono Boost)  
  21  1:54  Probe (Chrono Boost)  
  22  1:56  Cybernetics Core  
  22  2:04  Probe (Chrono Boost)  
  23  2:13  Probe (Chrono Boost)  
  23  2:15  Probe (Chrono Boost)  
  25  2:24  Probe (Chrono Boost)  
  25  2:25  Probe (Chrono Boost)  
  27  2:32  Stargate  
  27  2:34  Stalker  
  27  2:35  Probe (Chrono Boost)  
  30  2:38  Probe (Chrono Boost)  
  30  2:40  Warp Gate  
  31  2:46  Probe (Chrono Boost)  
  31  2:49  Probe (Chrono Boost)  
  33  2:57  Probe (Chrono Boost)  
  34  2:59  Probe (Chrono Boost)  
  34  3:04  Adept  
  37  3:07  Probe (Chrono Boost)  
  37  3:09  Probe (Chrono Boost)  
  37  3:11  Pylon  
  37  3:12  Oracle (Chrono Boost)  
  39  3:16  Probe  
  43  3:24  Mothership Core (Chrono Boost)  
  45  3:29  Probe (Chrono Boost)  
  46  3:38  Assimilator  
  47  3:42  Probe (Chrono Boost)  
  47  3:43  Probe (Chrono Boost)  
  47  3:44  Void Ray  
  47  3:47  Pylon  
  48  3:54  Probe x2 (Chrono Boost)  
  54  4:06  Nexus  
  54  4:08  Probe (Chrono Boost)  
  54  4:09  Probe (Chrono Boost)  
  56  4:17  Twilight Council  
  56  4:19  Assimilator, Probe (Chrono Boost)  
  56  4:21  Probe (Chrono Boost)  
  58  4:24  Pylon  
  58  4:28  Robotics Facility  
  58  4:32  Probe x2 (Chrono Boost)  
  60  4:43  Probe x2 (Chrono Boost)  
  62  4:46  Sentry  
  62  4:50  Resonating Glaives (Chrono Boost)  
  64  4:53  Probe x2 (Chrono Boost), Gateway  
  64  4:54  Gateway  
  66  5:04  Gateway  
  66  5:06  Gateway  
  66  5:08  Gateway  
  66  5:16  Warp Prism (Chrono Boost)  
  66  5:21  Sentry  
  70  5:22  Probe x2  
  70  5:24  Probe  
  70  5:28  Pylon  
  73  5:32  Gateway  
  73  5:33  Gateway  
  73  5:36  Probe  
  73  5:38  Probe x2  
  76  5:47  Pylon  
  76  5:51  Sentry x2  
  76  5:52  Adept  
  82  6:00  Probe, Assimilator, Pylon  
  82  6:01  Probe x2, Assimilator  
  87  6:05  Pylon  
  87  6:09  Adept  
  87  6:12  Probe  
  87  6:13  Probe  
  87  6:14  Probe  
  87  6:15  Pylon  
  90  6:24  Adept x4  
  90  6:25  Adept  
  100  6:27  Adept  
  100  6:29  Pylon, Adept x2  
  100  6:31  Pylon  
  106  6:42  Pylon  
  106  6:47  Adept x4  
  106  6:48  Adept x2  
  106  6:51  Adept x2  
  122  6:57  Pylon  
  122  7:07  Adept  
  122  7:08  Adept x5  
  129  7:12  Adept x2  
  121  7:32  Adept x4  
  96  7:38  Adept x2  
  70  7:54  Adept x2  
  70  7:55  Adept x3  

Tags
 
Add a new tag
Caveats
  • Supply blocks, unpowered buildings, or Contaminate may cause inaccurate times.
  • Supply counts are checked every 10 seconds.